 Dungeon Crawl Stone Soup version 0.27.1-34-g3ba077fa99 (webtiles) character file.

Game seed: 12898481544906748032

12518 DemonSlayer the Cleaver (level 11, -14/126 (130) HPs)
             Began as a Demonspawn Berserker on Jan 23, 2022.
             Was an Elder of Trog.
             Demolished by an orc knight (23 damage)
             ... on level 2 of the Orcish Mines.
             The game lasted 00:24:27 (14499 turns).

DemonSlayer the Cleaver (Demonspawn Berserker)     Turns: 14499, Time: 00:24:28

HP:   -14/126 (130) AC: 24    Str: 21    XL:     11   Next: 63%
MP:   11/11         EV:  8    Int:  9    God:    Trog [****..]
Gold: 804           SH:  0    Dex: 12    Spells: 10/10 levels left

rFire    + . .     SeeInvis .   g - +2 war axe
rCold    + . .     Faith    .   (no shield)
rNeg     . . .     Spirit   .   v - +0 gold dragon scales
rPois    +         Reflect  .   i - +2 helmet
rElec    .         Harm     .   (no cloak)
rCorr    .         Rampage  .   a - +0 pair of gloves
Will     .....                  (no boots)
Stlth    ..........             (no amulet)
HPRegen  0.31/turn              c - +4 ring of evasion
MPRegen  0.12/turn              (no ring)

@: berserking, lightly drained, very quick
A: demonic guardian 1, powered by death 2, sharp scales 3
a: Renounce Religion, Berserk, Trog's Hand, Brothers in Arms


You were on level 2 of the Orcish Mines.
You worshipped Trog.
Trog was greatly pleased with you.
You visited 2 branches of the dungeon, and saw 11 of its levels.

You collected 804 gold pieces.

Inventory:

Hand Weapons
 g - a +2 war axe (weapon)
Missiles
 d - a curare-tipped dart
 l - a throwing net
 A - 8 boomerangs (quivered)
Armour
 a - a +0 pair of gloves (worn)
 i - a +2 helmet (worn)
 v - +0 gold dragon scales (worn)
Jewellery
 c - a +4 ring of evasion (left hand)
Wands
 x - a wand of flame (13)
 y - a wand of iceblast (10)
 C - a wand of mindburst (1)
Scrolls
 f - a scroll of fog {unknown}
 h - 2 scrolls of fear
 n - a scroll of blinking {unknown}
 u - a scroll of silence
 z - a scroll of magic mapping
Potions
 b - a potion of cancellation {unknown}
 e - 2 potions of curing {unknown}
 j - 4 potions of heal wounds
 k - 4 potions of lignification {unknown}
 o - a potion of flight {unknown}
 p - 2 potions of degeneration {unknown}
 s - a potion of brilliance {unknown}
 t - a potion of might {unknown}
 w - a potion of attraction {unknown}
Miscellaneous
 B - a condenser vane (inert)


   Skills:
 + Level 8.4 Fighting
 + Level 11.2 Axes
 + Level 6.5 Throwing
 + Level 8.3 Armour
 + Level 3.7 Dodging
 + Level 2.0 Stealth
 + Level 0.1 Evocations


You had 10 spell levels left.
You didn't know any spells.
Your spell library was empty.

Dungeon Overview and Level Annotations

Branches:
Dungeon (9/15)             Temple (0/1) D:7            Lair (0/6) D:9
    Orc (2/2) D:9             Elf (0/3) Orc:2

Altars:
Cheibriados
Kikubaaqudgha
Makhleb
Ru
Wu Jian
Xom
Yredelemnul


Innate Abilities, Weirdness & Mutations

A weak demonic guardian rushes to your aid.
You regenerate health from kills.
You are completely covered in razor-sharp scales. (AC +3, Slay +3)


Message History

The orc knight hits you with a +0 great sword!
There is a stone staircase leading up, spattered with blood here.
You fail to use your ability.
The orc knight roars a battlecry!
The orcs go into a battle-frenzy!
The orc knight hits you but does no damage.
The orc warrior hits you but does no damage.
Unknown command.
A red film seems to cover your vision as you go berserk!
You feel yourself moving faster!
You feel mighty!
The orc knight hits you with a +2 great sword!
The orc knight roars a battlecry!
The orc knight goes into a battle-frenzy!
The orc warrior hits you with a +0 flail!
The orc sorcerer gestures wildly while chanting.
You slice the orc knight!!
The orc knight is moderately wounded.
Your gold dragon scales prevents you from hitting the orc knight.
You hit the orc warrior.
The orc knight hits you with a +2 great sword!!
The orc warrior hits you with a +0 flail!
The orc knight hits you with a +0 great sword!!
A demonic guardian appears!
You are too injured to fight recklessly!
Unknown command.
You are too injured to fight recklessly!
You closely miss the orc knight.
The orc knight is moderately wounded.
Your gold dragon scales prevents you from hitting the orc knight.
You closely miss the orc warrior.
The orc knight hits you with a +2 great sword!!
* * * LOW HITPOINT WARNING * * *
The orc knight hits you but does no damage.
The orc warrior hits you with a +0 flail.
* * * LOW HITPOINT WARNING * * *
The orc sorcerer casts a spell.
Your rust devil hits the orc warrior.
Your rust devil corrodes the orc warrior!
The orc knight hits you with a +2 great sword!!
You die...

##.∩...............
##....................
#.....................
##.#.................
###...............###
##............^...#
###..............# #
##....4oo[)......# #
#......@o..3.o...# #
#.......o..[......# #
#..................#### ##
##....................###.
#...................#....
..............#.......§..
#........#...............
#..........#............
##........#..........#>.


You could see 2 orc knights, a sun demon (summoned), an orc sorcerer (strong),
an orc warrior (strong, corroded, ally target), an orc (strong) and a friendly
rust devil (summoned).

Vanquished Creatures
  A hydra (D:7)
  3 two-headed ogres
  An orc knight (Orc:1)
  Pikel (D:4)
  3 trolls
  2 shadows
  3 wyverns (D:9)
  2 yaks (D:8)
  2 steam dragons
  2 basilisks (D:9)
  A vampire mosquito (D:7)
  6 water moccasins
  Duvessa (D:4)
  Purgy (D:4)
  An ice beast (D:5)
  A black bear (D:4)
  13 orc warriors
  2 necrophages
  6 ogres
  A centaur (D:6)
  6 kobold brigands
  2 lemures (D:4)
  4 bullfrogs
  2 gnoll sergeants
  Dowan (D:4)
  A wyvern zombie (D:7)
  A scorpion (D:9)
  13 wights
  2 centaur zombies
  2 bullfrog zombies (D:6)
  3 hounds
  A jelly (D:8)
  A bullfrog skeleton (D:4)
  10 orc priests
  3 iguanas
  20 orc wizards
  A killer bee zombie (D:7)
  A hound skeleton (D:4)
  A howler monkey zombie (D:7)
  5 adders
  A gnoll (D:7)
  A shadow imp (D:7)
  3 white imps (D:7)
  2 dart slugs
  48 orcs
  4 ball pythons
  3 endoplasms
  A giant cockroach (D:2)
  10 goblins
  4 hobgoblins (D:1)
  7 jackals
  4 quokkas
  3 bats
  4 frilled lizards
  19 kobolds
  3 rats
250 creatures vanquished.

Vanquished Creatures (collateral kills)
  4 yaks (D:9)
  A basilisk (D:9)
  A warg (Orc:1)
  4 orc warriors
  A wyvern zombie (D:7)
  A killer bee (D:7)
  3 orc priests
  An orc wizard (Orc:2)
  4 orcs
20 creatures vanquished.

Vanquished Creatures (others)
  An orc wizard (D:6)
  A bush (D:9)
  6 fungi (D:9)
  20 plants (D:9)
28 creatures vanquished.

Grand Total: 298 creatures vanquished

Notes
Turn   | Place    | Note
-------+----------+-------------------------------------------
     0 | D:1      | DemonSlayer the Demonspawn Berserker began the quest for
                  | the Orb.
     0 | D:1      | Reached XP level 1. HP: 18/18 MP: 1/1
   470 | D:1      | Gained mutation: You are partially covered in razor-sharp
                  | scales. (AC +1, Slay +1) [demonic ancestry]
   470 | D:1      | Reached XP level 2. HP: 24/24 MP: 2/2
   516 | D:1      | Reached skill level 3 in Axes
  1491 | D:2      | Found a basalt altar of Yredelemnul.
  1521 | D:2      | Reached ** piety under Trog
  1522 | D:2      | Gained mutation: You are mostly covered in razor-sharp
                  | scales. (AC +2, Slay +2) [demonic ancestry]
  1522 | D:2      | Reached XP level 3. HP: 29/29 MP: 3/3
  1732 | D:2      | Found a faded altar of an unknown god.
  1909 | D:3      | Found an ornate altar of the Wu Jian Council.
  2150 | D:3      | Reached XP level 4. HP: 26/35 MP: 4/4
  2587 | D:3      | Found a snail-covered altar of Cheibriados.
  2758 | D:4      | Reached skill level 1 in Throwing
  2847 | D:4      | Noticed Dowan
  2847 | D:4      | Noticed Duvessa
  2853 | D:4      | Killed Duvessa
  2854 | D:4      | Reached skill level 4 in Axes
  2854 | D:4      | Gained mutation: A weak demonic guardian rushes to your
                  | aid. [demonic ancestry]
  2854 | D:4      | Reached XP level 5. HP: 41/41 MP: 5/5
  2856 | D:4      | Killed Dowan
  3034 | D:4      | Reached XP level 6. HP: 42/47 MP: 6/6
  3111 | D:4      | Reached *** piety under Trog
  3112 | D:4      | Reached skill level 1 in Stealth
  3344 | D:4      | Noticed Purgy
  3350 | D:4      | Killed Purgy
  3601 | D:4      | Noticed an orc warrior
  3619 | D:4      | Killed an orc warrior
  3620 | D:4      | Reached skill level 5 in Axes
  3620 | D:4      | Gained mutation: You are completely covered in razor-sharp
                  | scales. (AC +3, Slay +3) [demonic ancestry]
  3620 | D:4      | Reached XP level 7. HP: 11/53 MP: 7/7
  4188 | D:4      | Noticed Pikel
  4204 | D:4      | Killed Pikel
  4205 | D:4      | Reached skill level 6 in Axes
  4205 | D:4      | Gained mutation: You regenerate a little health from kills.
                  | [demonic ancestry]
  4205 | D:4      | Reached XP level 8. HP: 51/61 MP: 8/8
  4390 | D:4      | Found a burning altar of Makhleb.
  4390 | D:4      | Noticed a green death
  4393 | D:4      | Noticed a smoke demon
  4393 | D:4      | Noticed a smoke demon
  4572 | D:5      | Entered Level 5 of the Dungeon
  4645 | D:5      | Found a shimmering altar of Xom.
  6045 | D:6      | Reached skill level 7 in Axes
  6146 | D:6      | Reached XP level 9. HP: 67/67 MP: 9/9
  6615 | D:6      | Reached skill level 5 in Fighting
  6909 | D:7      | Reached skill level 5 in Armour
  7062 | D:7      | Found a sacrificial altar of Ru.
  8015 | D:7      | Reached **** piety under Trog
  8341 | D:7      | Reached skill level 8 in Axes
  8365 | D:7      | Found a staircase to the Ecumenical Temple.
  8382 | D:7      | Reached skill level 5 in Throwing
  8707 | D:7      | Noticed an eight-headed hydra
  8723 | D:7      | Killed a nine-headed hydra
  8724 | D:7      | Reached XP level 10. HP: 24/77 MP: 10/10
 10061 | D:8      | Reached skill level 9 in Axes
 10564 | D:8      | Noticed a two-headed ogre
 10598 | D:8      | Killed a two-headed ogre
 11090 | D:8      | Identified the +3 leather armour of the Trout {rC+ MP+9
                  | Str-5 SInv}
 11752 | D:9      | Noticed a two-headed ogre
 11761 | D:9      | Killed a two-headed ogre
 11762 | D:9      | Reached skill level 10 in Axes
 12160 | D:9      | Gained mutation: You regenerate health from kills. [demonic
                  | ancestry]
 12160 | D:9      | Reached XP level 11. HP: 84/84 MP: 11/11
 12224 | D:9      | Noticed a two-headed ogre
 12234 | D:9      | Killed a two-headed ogre
 12380 | D:9      | Found an ancient bone altar of Kikubaaqudgha.
 12491 | D:9      | Found a staircase to the Lair.
 13008 | D:9      | Found a staircase to the Orcish Mines.
 13255 | Orc:1    | Entered Level 1 of the Orcish Mines
 13279 | Orc:1    | Noticed an orc knight
 13291 | Orc:1    | Killed an orc knight
 13292 | Orc:1    | Reached skill level 11 in Axes
 13295 | Orc:1    | Reached ***** piety under Trog
 13738 | Orc:2    | Entered Level 2 of the Orcish Mines
 13936 | Orc:2    | Found a staircase to the Elven Halls.
 13942 | Orc:2    | Noticed an orc sorcerer
 13945 | Orc:2    | Noticed an orc knight
 13962 | Orc:2    | Noticed an orc knight
 14497 | Orc:2    | Noticed a sun demon
 14499 | Orc:2    | Demolished by an orc knight

Illustrated notes

Levels and vault maps discovered:
D:1:      dpeg_arrival_morbid_curiosity, layout_loops_ring
D:2:      layout_rooms, basic_altar, ebering_ecumenical_altar_ruins
D:3:      layout_loops_ring, mainiacjoe_overflow_paths,
          mainiacjoe_overflow_alcove_4
D:4:      layout_basic, makhleb_altar_promises_db, uniq_purgy, uniq_duvessa,
          uniq_pikel
D:5:      layout_gridville, lemuel_coloured_pillars_altar
D:6:      layout_basic, minmay_a_box_with_orc_wizards_in_it
D:7:      nzn_winding_woodlands_cross
          [nzn_winding_woodlands_5x15_pathside_ponds,
          nzn_winding_woodlands_5x15_eye, nzn_winding_woodlands_5x15_pool,
          nzn_winding_woodlands_5x15_sawtooth,
          nzn_winding_woodlands_15x15_boxy_spiral], layout_cave_pools,
          nicolae_ru_awakened_eye, temple_statues
D:8:      wad_guarded_room, layout_basic
D:9:      layout_basic, kiku_gazebo_pond_becter, minmay_lair_entry_grove,
          david_orc_4
Orc:1:    layout_diamond_mine
Orc:2:    grunt_orc_cross, layout_caves, abandoned_shop,
          hellmonk_bongcloud_opening, nicolae_shop_self_help

Skill      XL: |  1  2  3  4  5  6  7  8  9 10 11 |
---------------+----------------------------------+-----
Armour         | 2 3 4 6 7 8 |  8.3
Axes           | 3 4 5 6 7 8 10 11 | 11.2
Dodging        | 2 3 |  3.7
Throwing       | 1 2 4 5 6 |  6.5
Stealth        | 1 2 |  2.0
Fighting       | 4 6 7 8 |  8.4
Evocations     | |  0.1

Action                   |  1- 3 |  4- 6 |  7- 9 | 10-12 || total
-------------------------+-------+-------+-------+-------++-------
Melee: Hand axe          |    86 |    85 |   339 |   273 ||   783
       War axe           |       |       |       |   159 ||   159
Throw: Dart              |    27 |    14 |    68 |       ||   109
       Boomerang         |       |       |    16 |    45 ||    61
Invok: Berserk           |       |     4 |    10 |    11 ||    25
       Trog's Hand       |       |       |     3 |     6 ||     9
       Brothers in Arms  |       |       |     1 |     3 ||     4
Evoke: Condenser vane    |       |       |       |     1 ||     1
  Use: Scroll            |       |       |       |    11 ||    11
       Potion            |       |       |       |     1 ||     1
 Stab: Distracted        |       |       |       |     3 ||     3
Armor: Animal skin       |    18 |     5 |       |       ||    23
       Scale mail        |       |    30 |    30 |       ||    60
       Gold dragon scale |       |       |   168 |   285 ||   453
Dodge: Dodged            |    76 |    83 |   169 |   154 ||   482
